 Dungeon Crawl Stone Soup version 0.27.0-1-g7a089689b8 (webtiles) character file.

Game seed: 16300777505787536619

39 Descartes the Shield-Bearer (level 3, -1/23 HPs)
             Began as an Octopode Wanderer on Aug 14, 2021.
             Slain by Ijyb (3 damage)
             ... while paralysed by Ijyb
             ... on level 3 of the Dungeon.
             The game lasted 00:03:03 (2232 turns).

Descartes the Shield-Bearer (Octopode Wanderer)     Turns: 2232, Time: 00:03:04

Health: -1/23      AC:  1    Str: 10      XL:     3   Next: 47%
Magic:  7/7        EV:  2    Int: 12 (14) God:
Gold:   92         SH:  0    Dex: 13      Spells: 8/8 levels left

rFire    . . .     SeeInvis .   a - +0 hand axe
rCold    . . .     Faith    .   d - +0 kite shield
rNeg     . . .     Spirit   .   (helmet restricted)
rPois    .         Reflect  .   (no amulet)
rElec    .         Harm     .   (no ring)
rCorr    .         Rampage  .   (no ring)
Will     .....                  (no ring)
Stlth    ++........             (no ring)
HPRegen  0.07/turn              (no ring)
MPRegen  0.10/turn              (no ring)
                                (no ring)
                                (no ring)

@: paralysed
A: almost no armour, amphibious, 8 rings, camouflage 1, gelatinous body 1,
(nimble swimmer 1), tentacles
a: no special abilities


You were on level 3 of the Dungeon.
You visited 1 branch of the dungeon, and saw 3 of its levels.

You collected 92 gold pieces.

Inventory:

Hand Weapons
 a - a +0 hand axe (weapon)
 b - a +0 shortbow
Missiles
 c - 25 arrows
 i - 15 poisoned darts (quivered)
 m - 50 stones
Armour
 d - a +0 kite shield (worn)
Scrolls
 e - a scroll of enchant armour {unknown}
 f - 2 scrolls of teleportation {unknown}
 g - 2 scrolls of identify {unknown}
 j - a scroll of acquirement {unknown}
 l - a scroll of fog {unknown}
Potions
 h - a potion of lignification {unknown}
 k - a potion of might {unknown}
 n - a potion of cancellation {unknown}
 o - a potion of flight {unknown}
 p - a potion of ambrosia {unknown}


   Skills:
 - Level 1.0 Fighting
 - Level 2.0 Axes
 + Level 3.3 Shields
 - Level 3.0 Spellcasting
 - Level 1.0 Conjurations
 - Level 1.0 Earth Magic
 - Level 1.1 Evocations


You had 8 spell levels left.
You didn't know any spells.
Your spell library contained the following spells:

 Spells                   Type           Power      Damage    Failure   Level
 Freeze                   Ice            4%         1d3       73%         1
 Frozen Ramparts          Ice            2%         1d2       97%         3
 Hailstorm                Conj/Ice       3%         3d3       100%        4


Dungeon Overview and Level Annotations

Branches:
Dungeon (3/15)

Altars:
Sif Muna
Yredelemnul

Annotations:
D:3 Ijyb


Innate Abilities, Weirdness & Mutations

You cannot wear most types of armour.
You are amphibious.
You can wear up to eight rings at the same time.
Your skin changes colour to match your surroundings (Stealth+).
Your rubbery body absorbs attacks. (AC +1, EV +1)
((You are camouflaged near water. (Stealth+)))
You have tentacles for arms and can constrict up to eight enemies at once.


Message History

No target in view!
No target in view!
No target in view!
No target in view!
No target in view!
No target in view!
The withered plant crumbles away. x2
HP restored.
You now have 92 gold pieces (gained 6).
A frilled lizard comes into view.
Ijyb the Twisted Goblin comes into view.
She is wielding a +0 dagger and carrying a wand of paralysis (9).
Found an escape hatch in the floor.
You closely miss the frilled lizard. Your grab misses the frilled lizard.
Ijyb shouts!
You block the frilled lizard's attack. x2; Ijyb zaps a wand.
You resist with significant effort.
You hit Ijyb. Your grab misses Ijyb. You squeeze Ijyb, but do no damage.
Ijyb is lightly wounded.
You hit the frilled lizard.
You kill the frilled lizard!
Ijyb zaps a wand.
You suddenly lose the ability to move!
Ijyb hits you with a +0 dagger.
Ijyb zaps a wand.
You shrug off the repeated paralysis!
Ijyb hits you with a +0 dagger. Ijyb barely misses you.
Ijyb hits you with a +0 dagger.
You can move again.
You hit Ijyb but do no damage. You grab Ijyb.
Ijyb is lightly wounded.
You constrict Ijyb, but do no damage. Ijyb hits you with a +0 dagger.
You block Ijyb's attack.
You barely miss Ijyb.
Ijyb is lightly wounded.
You constrict Ijyb, but do no damage.
Ijyb zaps a wand.
You suddenly lose the ability to move!
You lose your grip on Ijyb.
Ijyb zaps a wand.
You resist with significant effort. Ijyb hits you with a +0 dagger.
* * * LOW HITPOINT WARNING * * *
Ijyb hits you with a +0 dagger.
You die...

.......#### ###
..........# #.)
...>......####.
..##.##........#....
...................#
####....#
#.........#.#.
.......#
#....g†.......
.<.....# #.....@.....#
.......# #####....#.##
.......#########..##
...........##.....#
P.########....##.....#
..# ####..####.##.##
..#####........#.# .#
#.##....######...# #
#....#### ###


You could see Ijyb.

Vanquished Creatures
  A worm (D:2)
  A dart slug (D:2)
  An endoplasm (D:2)
  5 giant cockroaches
  5 hobgoblins
  2 jackals (D:1)
  A quokka (D:1)
  A ball python (D:1)
  4 bats
  3 frilled lizards
  3 goblins
  5 rats
32 creatures vanquished.

Vanquished Creatures (others)
  2 withered plants (D:3)
2 creatures vanquished.

Grand Total: 34 creatures vanquished

Notes
Turn   | Place    | Note
-------+----------+-------------------------------------------
     0 | D:1      | Descartes the Octopode Wanderer began the quest for the
                  | Orb.
     0 | D:1      | Descartes set off with the following items: a +0 hand axe,
                  | a +0 shortbow, 25 arrows, a +0 kite shield
     0 | D:1      | Reached XP level 1. HP: 13/13 MP: 4/4
    55 | D:1      | Found a faded altar of an unknown god.
    68 | D:1      | Became a worshipper of Sif Muna the Loreminder
    68 | D:1      | Reached * piety under Sif Muna
    71 | D:1      | You fall into a shaft and drop 1 floor!
   255 | D:2      | Reached XP level 2. HP: 15/18 MP: 6/6
   255 | D:2      | Fell from the grace of Sif Muna
  1183 | D:1      | Reached XP level 3. HP: 23/23 MP: 7/7
  2075 | D:3      | Found a basalt altar of Yredelemnul.
  2218 | D:3      | Noticed Ijyb
  2222 | D:3      | Paralysed by Ijyb for 6 turns
  2229 | D:3      | Paralysed by Ijyb for 7 turns
  2232 | D:3      | Slain by Ijyb

Illustrated notes

Levels and vault maps discovered:
D:1:      tarquinn_simple_flora_water_e, layout_basic,
          shapermc_ecumenical_altar_starsandcircs
D:2:      layout_basic
D:3:      layout_rooms, yredelemnul_altar_generic, mainiacjoe_overflow_24_doors,
          uniq_robin, uniq_ijyb

Skill      XL: |  1  2  3 |
---------------+----------+-----
Shields        | 2 3 |  3.3
Fighting       | |  1.0
Axes           | |  2.0
Spellcasting   | |  3.0
Conjurations   | |  1.0
Earth Magic    | |  1.0
Evocations     | |  1.1

Action                   || total
-------------------------++-------
Melee: Hand axe          ||    73
       Constrict         ||    16
       Tentacles         ||     8
Invok: Renounce Religion ||     1
 Stab: Sleeping          ||    10
       Distracted        ||     1
Armor: Skin              ||     8
Dodge: Dodged            ||    31
Block: Kite shield       ||    28
